cohdb
Replays
Latest Replays
All Replays
Popular Replays
Top Player Replays
Match Explorer
How It Works
Community
CoH3 Stats
Reddit
Sign in to upload your games and track your stats! →
Sign in with Steam
Match 43688263
Unlisted
Match 43688263
Overview
Messages
Build Orders
End
Kradschützen Motorcycle Team
Panzergrenadier Squad
Panzerpioneer Squad
Construct Light Support Kompanie
Fire Support Elements
MG34 Team
2.5-tonne Medical Truck
Panzergrenadier Squad
Selects Panzerjäger Kommand Battlegroup
Selects Mine Fields
Selects Tank Busters
Panzerjäger Mechanized Group
Flakvierling Half-track
Veteran Squad Leaders
Panzerjäger Squad
Construct Panzerarmee Kommand
Panzer III L Medium Tank
2.5-tonne Medical Truck
Selects Crew Shock Tactics
Selects Defensive Positions
Selects Defensive Positions
Selects Butterfly Bomb Drop
Butterfly Bomb Drop
Walking Stuka Rocket Launcher
Armored Reserves
Butterfly Bomb Drop
Selects Anti-tank Overwatch
Tiger Heavy Tank
Vehicle Survival Package
Bish Bash Bosh
gicobiwolfe
Blanco
MoriMusic
Chubbybro
Tiltimus Prime
JackCoded
TheStorm
0
0
Comments
sign in to comment!
No comments posted yet!